AoeStats
← Onex119

Black Forest

505049901Analyzed
1v1 RM · 23d ago on Sep 7, 2026· 115m 30s· 2 players
Game mode
Random Map
Map size
Tiny (2 player)
Population
200
Speed
Normal
Resources
Standard
Victory
Conquest
Starting age
Dark Age
Ending age
Imperial Age
RankedLock teamsTeams togetherTeam positionsShared explorationLock speedFull tech treeHidden civsTurbo modeCheats
Victory
Defeat
🇹🇷 Teutons · Türkiye
832
+15
🇷🇴 Wei · Romania
807
-15
Onex119
1:22 Loom
14:32 Feudal Age
19:01 Castle Age
16:49 Double-Bit Axe
18:58 Gold Mining
21:10 Bow Saw
21:33 Fishing Lines
22:58 Horse Collar
26:34 Town Watch
27:46 Wheelbarrow
27:25 Stone Mining
28:12 Gold Shaft Mining
28:26 Heavy Plow
29:56 Treadmill Crane
31:22 Gillnets
32:40 Stone Shaft Mining
35:13 Imperial Age
35:20 Husbandry
35:32 Bloodlines
35:38 Forging
35:33 Scale Barding Armor
35:19 Fletching
36:13 Heavy Hei Guang Cavalry
37:27 Ballistics
38:07 Chemistry
37:18 Masonry
37:04 Murder Holes
38:04 Conscription
38:57 Iron Casting
38:20 Bodkin Arrow
40:49 Blast Furnace
40:31 Town Patrol
41:13 Crop Rotation
41:36 Chain Barding Armor
41:17 Bracer
42:03 Ming Guang Armor
41:41 Tuntian
41:17 Light Cavalry
43:00 Hand Cart
42:47 Elite Tiger Cavalry
43:52 Hussar
45:12 Devotion
46:19 Onager
57:22 Hoardings
60:09 Heavy Scorpion
74:06 Fortified Wall
cavusoglukml
11:21 Loom
14:31 Feudal Age
21:35 Castle Age
21:38 Stone Mining
21:55 Double-Bit Axe
23:55 Gold Mining
24:08 Horse Collar
24:32 Pikeman
29:20 Squires
32:10 Wheelbarrow
35:49 Imperial Age
33:09 Elite Skirmisher
35:12 Stone Shaft Mining
35:08 Ballistics
35:01 Forging
34:51 Scale Mail Armor
35:23 Bow Saw
36:05 Hand Cart
36:38 Iron Casting
36:08 Scale Barding Armor
35:54 Fletching
36:04 Padded Archer Armor
36:25 Bloodlines
37:01 Cavalier
37:49 Heavy Plow
38:58 Two-Man Saw
39:02 Blast Furnace
38:17 Chain Mail Armor
38:37 Conscription
41:38 Chain Mail Armor
41:43 Chain Barding Armor
41:40 Leather Archer Armor
41:21 Bodkin Arrow
42:36 Chemistry
41:53 Onager
43:22 Guilds
44:03 Crop Rotation
44:04 Paladin
44:33 Elite Teutonic Knight
45:10 Halberdier
46:30 Hoardings
59:23 Fortified Wall
70:26 Capped Ram
86:02 Sappers
86:59 Ironclad
88:55 Masonry
89:04 Siege Engineers
Connection lost

Rejoining the realm…

Still unreachable

The connection could not be restored.

Session expired

The server has moved on; the page needs a fresh start.